 Dungeon Crawl Stone Soup version 0.32-a0-422-g28b100f618 (webtiles) character file.

Game seed: 6924691147750630316

3453 Dittersdorf the Blocker (level 10, 0/64 HPs)
             Began as a Gargoyle Fighter on Feb 21, 2024.
             Was an Initiate of Gozag.
             Killed by divine providence
             ... invoked by a meliai
              (9 damage)
             ... on level 9 of the Dungeon.
             The game lasted 00:05:33 (5489 turns).

Dittersdorf the Blocker (Gargoyle Fighter)          Turns: 5489, Time: 00:05:34

Health: 0/64       AC: 23    Str: 24    XL:     10   Next: 6%
Magic:  19/19      EV:  8    Int:  9    God:    Gozag
Gold:   652        SH:  5    Dex:  9    Spells: 9/9 levels left

rFire   . . .        e - +4 eveningstar (holy)
rCold   . . .        c - +0 buckler
rNeg    + + .        q - +4 chain mail {rN+}
rPois   ∞            (no helmet)
rElec   +            (no cloak)
rCorr   +            n - +0 pair of gloves
SInv    .            (no boots)
Will    .....        j - amulet of regeneration Stlth
                     o - ring of magical power
HPRegen 1.10/turn    i - ring of resist corrosion
MPRegen 0.16/turn

%: no passive effects
@: studying Fire Magic
A: sickness immunity, AC +7, negative energy resistance 1, electricity
resistance, torment resistance 1, petrification resistance
a: Renounce Religion, Potion Petition, Call Merchant, Bribe Branch


You were on level 9 of the Dungeon.
You worshipped Gozag.
Gozag was pleased with you.
You visited 2 branches of the dungeon, and saw 9 of its levels.

You collected 728 gold pieces.
You paid 76 gold pieces to Gozag.

Inventory:

Hand Weapons
 e - a +4 eveningstar of holy wrath (weapon)
Armour
 c - a +0 buckler (worn)
 n - a +0 pair of gloves (worn)
 q - a +4 chain mail of positive energy (worn)
Jewellery
 i - a ring of resist corrosion (right hand)
 j - an amulet of regeneration (around neck)
 o - a ring of magical power (left hand)
Wands
 m - a wand of flame (10) (quivered)
 r - a wand of roots (8)
Scrolls
 b - 2 scrolls of enchant weapon
 g - 3 scrolls of teleportation
 l - 2 scrolls of revelation
 s - a scroll of fog
Potions
 a - a potion of haste
 d - 4 potions of might
 h - a potion of cancellation
 p - a potion of heal wounds {unknown}
 w - a potion of resistance {unknown}


   Skills:
 + Level 8.3 Fighting
 + Level 7.2 Maces & Flails
 + Level 8.4 Armour
 + Level 8.4 Shields


You had 9 spell levels left.
You didn't know any spells.
Your spell library contained the following spells:

 Spells                   Type           Power      Damage    Failure   Level
 Kiss of Death            Conj/Necr      0%         2d5       91%         1
 Magic Dart               Conj           0%         1d3       91%         1
 Shock                    Conj/Air       0%         1d3       91%         1
 Slow                     Hex            0%         N/A       91%         1
 Searing Ray              Conj           0%         2d4       97%         2
 Confusing Touch          Hex            0%         N/A       100%        3
 Sigil of Binding         Hex            0%         N/A       100%        3
 Swiftness                Air            0%         N/A       100%        3
 Vampiric Draining        Necr           0%         2d6       100%        3
 Airstrike                Air            0%         2d(0-16)  100%        4
 Dispel Undead            Necr           0%         3d6       100%        4
 Fulminant Prism          Conj/Alch      0%         3d5       100%        4


Dungeon Overview and Level Annotations

Branches:
Dungeon (7/15)             Temple (1/1) D:5

Altars:
Ashenzari
Cheibriados
Dithmenos
Elyvilon
Fedhas
Gozag
Hepliaklqana
Kikubaaqudgha
Makhleb
Nemelex Xobeh
Okawaru
Qazlal
Ru
Sif Muna
Trog
Uskayaw
Vehumet
Wu Jian
Xom
Yredelemnul
Zin
The Shining One

Shops:
D:3 *


Innate Abilities, Weirdness & Mutations

You are immune to sickness and miasma.
Your stone body is resilient. (AC +7)
You are immune to poison.
You resist negative energy. (rN+)
You are resistant to electric shocks. (rElec)
You are resistant to unholy torment.
You are immune to petrification.


Message History

The hornet stings you but does no damage.
The meliai hits you but does no damage.
The meliai stings you but does no damage.
The hornet stings you but does no damage.
You closely miss the meliai. The meliai barely misses you. x2
A kobold brigand comes into view.
It is wielding a +0 dagger and quivering poisoned darts.
The meliai invokes the aid of its god against you.
Something smites you!
* * * LOW HITPOINT WARNING * * *
The hornet stings you.
* * * LOW HITPOINT WARNING * * *
The howler monkey hoots and howls with incredible vigour!
The meliai hits you but does no damage.
The meliai stings you but does no damage.
The hornet is distracted by your dazzling golden aura.
The hornet buzzes angrily.
You hear a roar!
You hear a shout! x3
You hear two shouts!
You hear a bark!
You hear two shouts!
You hear an angry buzzing noise.
You miss the meliai.
You hear a loud, deep croak!
The meliai hits you but does no damage.
The meliai stings you but does no damage.
A bullfrog comes into view.
The meliai hits you with a +0 hand axe.
* * * LOW HITPOINT WARNING * * *
The meliai completely misses you.
You sock the meliai!
The meliai is severely wounded.
The meliai closely misses you. You block the meliai's attack.
The meliai hits you but does no damage. The meliai stings you.
* * * LOW HITPOINT WARNING * * *
It was a potion of curing.
You feel better. The meliai hits you with a +0 hand axe.
* * * LOW HITPOINT WARNING * * *
The meliai stings you.
* * * LOW HITPOINT WARNING * * *
The meliai mumbles some strange prayers to its god against you.
Something smites you!
You die...
Your body crumbles into a pile of gold.

#...#...######.
#..(...........
#.#####)####### ###
#.#...)))##.#.. #...
#.#####.(.#.#.# ...#
#.##..##..#.#.##...#
#.#....#.##.#...#
#.. #.##...#yK#
#.#....#@yh#
#..##..##$##F..# #..
#####.# .# ##. #..
## ###


You could see a hornet, a kobold brigand, a meliai, a bullfrog and a howler
monkey.

Vanquished Creatures
  Grinder (D:4)
  Sigmund (D:4)
  6 yaks (D:6)
  A vampire mosquito (D:9)
  A steam dragon (D:9)
  Edmund (D:5)
  2 sky beasts (D:7)
  A black bear (D:3)
  An ice beast (D:5)
  An ogre (D:7)
  A phantom (D:5)
  2 centaurs (D:6)
  A kobold brigand (D:6)
  Blork the orc (D:4)
  A bullfrog (D:6)
  2 gnoll sergeants
  4 scorpions
  A howler monkey (D:6)
  A jelly (D:6)
  2 hounds
  2 iguanas
  Ijyb (D:4)
  2 orc wizards
  8 gnolls
  8 adders
  2 shadow imps (D:6)
  A white imp (D:5)
  2 ufetubi (D:6)
  2 dart slugs
  2 ribbon worms
  9 orcs
  6 ball pythons
  4 endoplasms
  3 giant cockroaches
  6 goblins
  5 hobgoblins
  4 jackals (D:4)
  6 quokkas
  4 bats
  2 frilled lizards
  7 kobolds
  3 rats
121 creatures vanquished.

Notes
Turn   | Place    | Note
-------+----------+-------------------------------------------
     0 | D:1      | Dittersdorf the Gargoyle Fighter began the quest for the
                  | Orb.
     0 | D:1      | Reached XP level 1. HP: 14/14 MP: 1/1
   200 | D:1      | Reached XP level 2. HP: 19/19 MP: 2/2
   798 | D:2      | Reached XP level 3. HP: 24/24 MP: 3/3
  1284 | D:2      | Reached XP level 4. HP: 29/29 MP: 4/4
  1806 | D:3      | Found Qyuniz's Assorted Antiques.
  2169 | D:3      | Noticed a black bear
  2180 | D:3      | Killed a black bear
  2181 | D:3      | Reached XP level 5. HP: 26/34 MP: 5/5
  2286 | D:4      | Identified a scroll of acquirement
  2287 | D:4      | Acquired a +3 eveningstar of holy wrath
  2363 | D:4      | Noticed Blork the orc
  2369 | D:4      | Killed Blork the orc
  2370 | D:4      | Reached XP level 6. HP: 36/39 MP: 6/6
  2443 | D:4      | Reached skill level 5 in Armour
  2443 | D:4      | Reached skill level 5 in Shields
  2469 | D:4      | Noticed Grinder
  2474 | D:4      | Noticed Sigmund
  2480 | D:4      | Paralysed by Grinder for 3 turns
  2492 | D:4      | Killed Sigmund
  2493 | D:4      | Reached skill level 5 in Fighting
  2493 | D:4      | Reached XP level 7. HP: 40/44 MP: 7/7
  2497 | D:4      | Killed Grinder
  2598 | D:4      | Noticed Ijyb
  2607 | D:4      | Killed Ijyb
  2835 | D:4      | Reached XP level 8. HP: 46/51 MP: 8/8
  3008 | D:5      | Entered Level 5 of the Dungeon
  3123 | D:5      | Found a staircase to the Ecumenical Temple.
  3134 | Temple   | Entered the Ecumenical Temple
  3157 | Temple   | Became a worshipper of Gozag Ym Sagoz the Greedy
  3297 | D:5      | Reached skill level 5 in Maces & Flails
  3304 | D:5      | Found a hide-covered altar of Uskayaw.
  3305 | D:5      | Found a glowing golden altar of the Shining One.
  3408 | D:5      | Noticed Edmund
  3420 | D:5      | Killed Edmund
  4542 | D:6      | Noticed a yak
  4542 | D:6      | Noticed a yak
  4543 | D:6      | Noticed a yak
  4543 | D:6      | Noticed a yak
  4544 | D:6      | Noticed a yak
  4548 | D:6      | Killed a yak
  4549 | D:6      | Reached XP level 9. HP: 49/57 MP: 9/9
  4713 | D:6      | Identified the +1 robe of Finnaen {Fly Dex+3}
  5429 | D:7      | You fall into a shaft and drop 2 floors!
  5452 | D:9      | Reached XP level 10. HP: 61/64 MP: 10/10
  5483 | D:9      | Noticed a meliai
  5488 | D:9      | HP: 2/64 [meliai/+0 hand axe (6)]
  5489 | D:9      | Killed from afar by a meliai

Illustrated notes

Levels and vault maps discovered:
D:1:      lightli_arrival_isolated_outpost, layout_rooms
D:2:      layout_basic, grunt_ministairs_11, nicolae_eternal_life
D:3:      layout_loops_cross, serial_shops, nicolae_shop_waterfront,
          serial_park_tiny_pond, nrook_loot_triangle
D:4:      layout_loops_cross, uniq_sigmund, uniq_ijyb, uniq_grinder,
          uniq_blork_the_orc
D:5:      layout_loops_corners, nicolae_overflow_hidden_temple,
          minmay_temple_entry_steel_oval, hangedman_decor_peaks_small,
          uniq_edmund
D:6:      nicolae_cairo_tiling_large_dashed, layout_layer_cave,
          grunt_ministairs_14, minmay_manual_mares
D:7:      layout_loops_cross
D:9:      layout_roguey, chequers_serial_rivers_small_b, minmay_the_grid_2x2
          [minmay_the_grid_doors, minmay_the_grid_square_x, minmay_the_grid_fan,
          minmay_the_grid_prize_shrinking_boxes]
Temple:   mainiacjoe_temple_big_plus

Skill      XL: |  1  2  3  4  5  6  7  8  9 |
---------------+----------------------------+-----
Armour         | 4 5 7 8 |  8.4
Shields        | 4 5 7 8 |  8.4
Fighting       | 4 5 7 8 |  8.3
Maces & Flails | 3 4 5 7 |  7.2

Action                     |  1- 3 |  4- 6 |  7- 9 | 10-12 || total
---------------------------+-------+-------+-------+-------++-------
  Melee: Flail             |    95 |    45 |       |       ||   140
         Eveningstar       |       |    40 |   211 |    12 ||   263
    Use: Scroll            |       |     4 |    11 |       ||    15
         Potion            |       |       |       |     1 ||     1
   Stab: Distracted        |       |       |     1 |       ||     1
 Armour: Scale mail        |    57 |    62 |    27 |       ||   146
         Chain mail        |       |       |   211 |    27 ||   238
  Dodge: Dodged            |    59 |    42 |   111 |    10 ||   222
  Block: Buckler           |    17 |    14 |    66 |     4 ||   101

Table legend: (Time is in decaauts)
 A = Elapsed time spent in this place.
 B = Non-inter-level travel time spent in this place.
 C = Inter-level travel time spent in this place.
 D = Time resting spent in this place.
 E = Time spent auto-exploring this place.
 F = Levels seen in this place.
 G = Mean time per level.
                   A        B        C        D        E       F      G
               +--------+--------+--------+--------+--------+-----+--------+
         Total |   5600 |   5162 |    438 |     26 |   4095 |   9 |  622.2 |
       Dungeon |   5553 |   5158 |    395 |     26 |   4095 |   8 |  694.1 |
        Temple |     46 |      3 |     43 |      0 |      0 |   1 |   46.0 |
               +--------+--------+--------+--------+--------+-----+--------+

Top non-repeatable levels by time:
     D:6: 1345 daAuts
     D:2: 1052 daAuts
     D:5: 875 daAuts
     D:4: 753 daAuts
     D:3: 729 daAuts
     D:1: 543 daAuts
     D:7: 190 daAuts
     D:9: 63 daAuts
  Temple: 46 daAuts
